 Dungeon Crawl Stone Soup version 0.20.0-4-g10b340a (webtiles) character file.

261 Yarijo the Bolt Thrower (level 6, -4/40 HPs)
             Began as a Kobold Hunter on May 28, 2017.
             Slain by Duvessa
             ... wielding a +0 rapier
              (7 damage)
             ... on level 4 of the Dungeon.
             The game lasted 00:16:31 (5068 turns).

Yarijo the Bolt Thrower (Kobold Hunter)             Turns: 5068, Time: 00:16:32

Health: -4/40      AC:  6    Str: 17    XL:     6   Next: 42%
Magic:  6/6        EV: 15    Int: 15    God:
Gold:   131        SH:  0    Dex: 17    Spells: 5/5 levels left

rFire    + . .     SeeInvis .   a - +1 hand crossbow
rCold    . . .     Gourm    .   (shield restricted)
rNeg     . . .     Faith    .   c - +0 leather armour
rPois    .         Spirit   .   (no helmet)
rElec    .         Reflect  .   (no cloak)
rCorr    .         Harm     .   (no gloves)
MR       .....                  v - +0 pair of boots {run}
Stlth    +.........             (no amulet)
Regen    0.2/turn               l - +3 ring of intelligence
MPRegen  0.1/turn               r - ring of protection from fire

@: mighty, glowing, quick
A: iridescent scales 1, thin skeletal structure 1, carnivore 3
a: no special abilities


You were on level 4 of the Dungeon.
You were completely stuffed.

You visited 1 branch of the dungeon, and saw 5 of its levels.

You collected 131 gold pieces.

Inventory:

Hand Weapons
 a - a +1 hand crossbow (weapon)
 g - a +0 mace
Missiles
 d - 29 bolts (quivered)
 s - 64 stones
Armour
 c - a +0 leather armour (worn)
 n - a +0 ring mail
 v - a +0 pair of boots of running (worn)
Jewellery
 l - a +3 ring of intelligence (left hand)
 r - a ring of protection from fire (right hand)
Wands
 i - a wand of confusion (11/48)
Scrolls
 t - a scroll of teleportation
 w - a scroll of fog
Potions
 e - a potion of agility {unknown}
 h - a potion of mutation
 j - a potion of ambrosia {unknown}
 k - 2 potions of flight
 m - a potion of brilliance {unknown}
 o - a potion of magic {unknown}
 p - 3 potions of curing
 q - 2 potions of haste {unknown}
 u - 2 potions of resistance {unknown}
Comestibles
 f - 3 meat rations
 z - a chunk of flesh


   Skills:
 * Level 4.8 Fighting
 - Level 0.6 Maces & Flails
 * Level 7.1 Crossbows
 - Level 0.1 Armour
 - Level 2.4 Dodging
 - Level 1.3 Stealth


You had 5 spell levels left.
You didn't know any spells.

Dungeon Overview and Level Annotations

Branches:
Dungeon (5/15)
 Temple: D:4-7

Altars:

Annotations:
D:2 Natasha
D:3 RKaid's ghost, amateur SpWn
D:4 GHOST!, Dowan; Duvessa


Innate Abilities, Weirdness & Mutations

You are small and have problems with some larger weapons.
You are carnivorous and can eat meat at any time.
You are partially covered in iridescent scales. (AC +2)
You have a somewhat thin skeletal structure. (Dex +2, Stealth)


Message History

* * * LOW HITPOINT WARNING * * *
You feel better. Duvessa closely misses you.
It was a potion of might.
You feel very mighty all of a sudden. Duvessa hits you but does no damage.
Dowan barely misses you. Duvessa hits you with a rapier.
* * * LOW HITPOINT WARNING * * *
Dowan casts a spell at you. The puff of flame hits you! You resist.
* * * LOW HITPOINT WARNING * * *
Firing (i - inventory. (,) - cycle):
d - 30 bolts (quivered)
Press: ? - help, Shift-Dir - straight line, f/p - Duvessa
Aim: Duvessa, wielding a rapier and wearing a shiny ring mail (heavily wounded, fast)
You shoot a bolt.
The bolt hits Duvessa but does no damage.
Duvessa is heavily wounded.
Duvessa hits you with a rapier.
* * * LOW HITPOINT WARNING * * *
Duvessa hits you with a rapier!
You die...

'............#...#...#..##.#.#.#.
#............#...#...#.##.######.
#..........[.'...#...#..##.#.#.#.
#............#...#...##..##.#.##.
#............#####....##.#####.#.
#.....##+##........####..#..#.###
#.....#...#........#.#..###.#..#.
#.....#...#........#.##.......##.
#.....#...#.....@..#..#########..
#.....##..#....ee..#'######'####.
.......#..##'###.(.............#.
.......#.......#..(............+.
.......#.......#...(...........#.
.......#.......#...............#.
.......##'######...............#.
.......#.......#####'#.........#.
+#.....#.............#.(.......##


You could see Duvessa and Dowan.

Vanquished Creatures
  A scorpion (D:4)
  An iguana (D:4)
  A worker ant (D:4)
  3 gnolls (D:3)
  6 adders
  3 worms
  3 leopard geckos
  8 bats
  5 giant cockroaches
  5 goblins
  2 hobgoblins (D:2)
  9 jackals
  A quokka (D:3)
  3 ball pythons
  4 frilled lizards
  A jackal skeleton (D:4)
  8 kobolds
  A quokka skeleton (D:4)
  8 rats
73 creatures vanquished.

Vanquished Creatures (others)
  A bat (D:3)
1 creature vanquished.

Grand Total: 74 creatures vanquished

Notes
Turn   | Place    | Note
-------+----------+-------------------------------------------
     0 | D:1      | Yarijo the Kobold Hunter began the quest for the Orb.
     0 | D:1      | Reached XP level 1. HP: 12/12 MP: 1/1
   229 | D:1      | Reached skill level 5 in Crossbows
   353 | D:1      | Gained mutation: You are partially covered in iridescent scales. (AC +2) [potion of mutation]
   353 | D:1      | Gained mutation: You have a somewhat thin skeletal structure. (Dex +2, Stealth) [potion of mutation]
   365 | D:1      | Reached XP level 2. HP: 17/17 MP: 2/2
  1141 | D:2      | Reached XP level 3. HP: 17/22 MP: 3/3
  1728 | D:2      | Reached XP level 4. HP: 26/28 MP: 4/4
  2517 | D:3      | Noticed Natasha
  2976 | D:3      | Reached skill level 6 in Crossbows
  2979 | D:3      | Reached XP level 5. HP: 26/33 MP: 5/5
  3257 | D:3      | Noticed RKaid's ghost (amateur SpWn)
  4295 | D:4      | Reached XP level 6. HP: 39/39 MP: 6/6
  4410 | D:4      | Reached skill level 7 in Crossbows
  4572 | D:5      | Entered Level 5 of the Dungeon
  4860 | D:4      | Noticed Dowan
  5005 | D:4      | Identified a +0 pair of boots of running (You found it on level 4 of the Dungeon)
  5048 | D:4      | Noticed Duvessa
  5068 | D:4      | Slain by Duvessa

Skill      XL: |  1  2  3  4  5  6 |
---------------+-------------------+-----
Crossbows      | 5 6 7 |  7.1
Fighting       | 3 4 |  4.8
Maces & Flails | |  0.6
Armour         | |  0.1
Dodging        | |  2.4
Stealth        | |  1.3

Action                   |  1- 3 |  4- 6 || total
-------------------------+-------+-------++-------
Melee: Short sword       |    22 |       ||    22
       Mace              |    65 |    94 ||   159
 Fire: Hand crossbow     |    32 |    82 ||   114
Throw: Stone             |       |     1 ||     1
  Use: Potion            |     4 |     2 ||     6
       Scroll            |     2 |    11 ||    13
 Stab: Sleeping          |     2 |     4 ||     6
  Eat: Chunk             |    11 |    10 ||    21
Armor: Leather armour    |    39 |    34 ||    73
Dodge: Dodged            |   111 |   124 ||   235
